 Dungeon Crawl Stone Soup version 0.29.1-1-gd02db6906a (webtiles) character file.

Game seed: 10546500377182301693

553 groovy9 the Digger (level 7, 0/36 HPs)
             Began as a Gargoyle Earth Elementalist on Sept 19, 2022.
             Slain by Duvessa
             ... wielding a +2 short sword of flaming
              (6 damage)
             ... on level 4 of the Dungeon.
             The game lasted 00:14:14 (3992 turns).

groovy9 the Digger (Gargoyle Earth Elementalist)    Turns: 3992, Time: 00:14:14

Health: 0/36       AC: 11    Str: 12    XL:     7   Next: 29%
Magic:  10/14      EV: 11    Int: 21    God:
Gold:   54         SH:  0    Dex: 10    Spells: 15/16 levels left

rFire   . . .      SeeInvis .   c - +0 dagger
rCold   . . .      Faith    .   (no shield)
rNeg    + . .      Spirit   .   a - +1 robe
rPois   ∞          Reflect  .   l - +0 helmet
rElec   +          Harm     .   (no cloak)
rCorr   .          Rampage  .   p - +2 pair of gloves of Qapn {Int+4}
Will    .....                   (no boots)
Stlth   ++........              (no amulet)
HPRegen 0.12/turn               (no ring)
MPRegen 0.14/turn               (no ring)

@: no status effects
A: sickness immunity, AC +4, negative energy resistance 1, electricity
resistance, torment resistance 1, petrification resistance
a: no special abilities


You were on level 4 of the Dungeon.
You visited 1 branch of the dungeon, and saw 4 of its levels.

You collected 54 gold pieces.

Inventory:

Hand Weapons
 c - a +0 dagger (weapon)
Missiles
 n - 4 poisoned darts
Armour
 a - a +1 robe (worn)
 l - a +0 helmet (worn)
 p - the +2 pair of gloves of Qapn (worn) {Int+4}
   (You found it on level 2 of the Dungeon)

   Int:       It affects your intelligence (+4).
Magical Staves
 b - a staff of cold
Jewellery
 q - a ring of resist corrosion
Wands
 e - a wand of iceblast (7)
Scrolls
 g - 2 scrolls of immolation
 j - 2 scrolls of vulnerability
 t - a scroll of blinking
Potions
 d - 3 potions of heal wounds {unknown}
 f - a potion of magic
 h - a potion of haste {unknown}
 i - a potion of cancellation {unknown}
 k - a potion of attraction {unknown}
 m - 5 potions of curing {unknown}
 o - a potion of mutation {unknown}
 s - a potion of might {unknown}


   Skills:
 - Level 1.5 Dodging
 - Level 2.1 Stealth
 + Level 5.2 Spellcasting
 - Level 0.7 Transmutations
 + Level 7.3 Earth Magic


You had 15 spell levels left.
You knew the following spells:

 Your Spells              Type           Power      Damage    Failure   Level
a - Sandblast             Erth           72%        2d16      1%          1

Your spell library contained the following spells:

 Spells                   Type           Power      Damage    Failure   Level
 Passwall                 Tmut/Erth      18%        N/A       3%          2
 Stone Arrow              Conj/Erth      40%        3d9       7%          3
 Ensorcelled Hibernation  Hex/Ice        10%        N/A       16%         2
 Petrify                  Tmut/Erth      22%        N/A       21%         4
 Ignite Poison            Fire/Tmut/Pois 6%         N/A       28%         3
 Conjure Flame            Conj/Fire      5%         6-21      32%         3
 Mephitic Cloud           Conj/Pois/Air  5%         N/A       32%         3
 Swiftness                Air            5%         N/A       32%         3
 Sticky Flame             Conj/Fire      5%         2d3       71%         4
 Freezing Cloud           Conj/Ice/Air   2%         6-21      96%         5


Dungeon Overview and Level Annotations

Branches:
Dungeon (4/15)
 Temple: D:4-7

Altars:
Dithmenos
Nemelex Xobeh

Shops:
D:1 =   D:2 (

Annotations:
D:4 Duvessa


Innate Abilities, Weirdness & Mutations

You are immune to sickness and miasma.
Your stone body is resilient. (AC +4)
You are immune to poison.
You resist negative energy. (rN+)
You are resistant to electric shocks. (rElec)
You are resistant to unholy torment.
You are immune to petrification.


Message History

Done exploring.
Search for what [Enter for "."]? .
Search for what [Enter for "."]? .
(D) Dungeon
Where to? (Enter - D:3, ? - help)
Things that are here:
a +0 hand axe; an orc corpse
Things that are here:
a +0 dagger; a +0 robe
Things that are here:
a +0 dagger; a +0 ring mail; an orc corpse
There is a stone staircase leading down here.
You climb downwards.
Level annotation: Dowan, Duvessa
There is a stone staircase leading up here.
Dowan shouts!
You see here a book of Cantrips.
There is a stone staircase leading up here.
The blast of sand hits Dowan!
Dowan is severely wounded.
The blast of sand hits Dowan!!
You kill Dowan!
You hear a distant scream of rage.
Duvessa is nearby!
Duvessa goes berserk!
The blast of sand hits Duvessa.
Duvessa is lightly wounded.
The blast of sand hits Duvessa!
Duvessa is moderately wounded.
Duvessa rages.
Duvessa hits you with a +2 short sword of flaming.
Duvessa burns you.
The blast of sand hits Duvessa.
Duvessa is heavily wounded.
Duvessa hits you with a +2 short sword of flaming.
Duvessa burns you.
Duvessa hits you with a +2 short sword of flaming!
* * * LOW HITPOINT WARNING * * *
Duvessa burns you.
You die...

.# .# # .# . .. .#
.# ######.### .
#^...@...# ..#
#.#.##e#.# ..#
#.#.##)# .....
#.#....# ..#.#
#.#.##.#.# ######
..... #.:.......e#
#..... .#..
###.....e#.# #.####
# #
..#.####.######.####
..#
###.##..............


You could see Duvessa (berserk).

Vanquished Creatures
  Sigmund (D:2)
  A scorpion (D:3)
  Dowan (D:4)
  2 orc priests (D:3)
  An iguana (D:4)
  An orc wizard (D:3)
  Robin (D:2)
  4 adders
  3 worms
  9 orcs (D:3)
  7 ball pythons
  9 endoplasms
  2 giant cockroaches
  14 goblins
  14 hobgoblins
  5 jackals (D:1)
  13 kobolds
  6 bats
  4 frilled lizards
  2 rats (D:1)
100 creatures vanquished.

Notes
Turn   | Place    | Note
-------+----------+-------------------------------------------
     0 | D:1      | groovy9 the Gargoyle Earth Elementalist began the quest for
                  | the Orb.
     0 | D:1      | Reached XP level 1. HP: 10/10 MP: 3/3
   123 | D:1      | Reached XP level 2. HP: 15/15 MP: 1/5
   179 | D:1      | Reached skill level 4 in Earth Magic
   218 | D:1      | Found a faded altar of an unknown god.
   408 | D:1      | Reached XP level 3. HP: 4/19 MP: 1/6
   981 | D:1      | Found Pomyilits's Jewellery Emporium.
  1192 | D:2      | Noticed Robin
  1273 | D:2      | Killed Robin
  1274 | D:2      | Reached XP level 4. HP: 24/24 MP: 4/8
  1336 | D:2      | You fall into a shaft and drop 2 floors!
  1351 | D:4      | Noticed Duvessa
  1351 | D:4      | Noticed Dowan
  1444 | D:4      | Reached skill level 5 in Earth Magic
  1568 | D:4      | Noticed a scorpion
  1979 | D:3      | Reached XP level 5. HP: 25/28 MP: 1/10
  2257 | D:2      | Noticed Sigmund
  2376 | D:2      | Killed Sigmund
  2377 | D:2      | Reached skill level 6 in Earth Magic
  2377 | D:2      | Reached XP level 6. HP: 32/32 MP: 6/12
  2740 | D:2      | Found Migeamym's Weapon Shoppe.
  2760 | D:2      | Identified the +2 pair of gloves of Qapn {Int+4}
  3135 | D:3      | Found a sparkling altar of Nemelex Xobeh.
  3390 | D:3      | Reached XP level 7. HP: 36/36 MP: 11/14
  3789 | D:3      | Found a shadowy altar of Dithmenos.
  3792 | D:3      | Reached skill level 7 in Earth Magic
  3907 | D:3      | Reached skill level 5 in Spellcasting
  3984 | D:4      | Killed Dowan
  3992 | D:4      | Slain by Duvessa

Illustrated notes

Levels and vault maps discovered:
D:1:      lemuel_arrival_funnel, layout_loops_ring,
          dreamdust_ecumenical_altar_angels_and_demons, serial_shops, shop,
          minmay_tetromino_s2
D:2:      layout_loops_ring, serial_shops, nicolae_shop_crystal,
          grunt_ministairs_2, uniq_sigmund, uniq_robin
D:3:      layout_basic, nicolae_dithmenos_the_darkroom,
          nemelex_xobeh_ov_fountains_minmay
D:4:      layout_loops_cross, hex_large, uniq_duvessa

Skill      XL: |  1  2  3  4  5  6  7 |
---------------+----------------------+-----
Earth Magic    | 4 5 6 7 |  7.3
Spellcasting   | 3 4 5 |  5.2
Dodging        | |  1.5
Stealth        | |  2.1
Transmutations | |  0.7

Action                   |  1- 3 |  4- 6 |  7- 9 || total
-------------------------+-------+-------+-------++-------
Melee: Dagger            |     8 |     1 |       ||     9
 Cast: Sandblast         |    56 |    88 |    21 ||   165
  Use: Potion            |     1 |       |       ||     1
       Scroll            |     1 |     7 |       ||     8
Armor: Robe              |    13 |    18 |     2 ||    33
Dodge: Dodged            |    14 |    19 |       ||    33
